 Dungeon Crawl Stone Soup version 0.21-a0-140-g479285b (webtiles) character file.

1943449 Gorglomux the Talismancer (level 27, 249/249 (250) HPs)
             Began as a Hill Orc Air Elementalist on July 20, 2017.
             Was the Champion of Okawaru.
             Escaped with the Orb
             ... and 3 runes!
             The game lasted 02:58:05 (52179 turns).

Gorglomux the Talismancer (HOAE)                   Turns: 52179, Time: 02:58:05

HP:   249/249 (250) AC: 40    Str: 28    XL:     27
MP:   32/32         EV: 23    Int: 18    God:    Okawaru [******]
Gold: 3490          SH: 30    Dex: 20    Spells: 27/29 levels left

rFire    + + +     SeeInvis +   a - +9 broad axe (vamp)
rCold    + + .     Gourm    .   S - +5 large shield of Hysteria {rN+}
rNeg     + . .     Faith    +   b - +3 gold dragon scales
rPois    +         Spirit   .   n - +2 hat {MR+}
rElec    +         Reflect  .   k - +1 cloak of Starlight {god gift, rElec rC+ EV+4 Stlth--}
rCorr    +         Harm     .   j - +2 pair of gloves {Dex+3} {god gift}
MR       +++..                  p - +0 pair of boots of the Trombone {god gift, rF+ Str+3 SInv}
Stlth    ..........             E - amulet of the Final Souls {Faith rPois rF+}
HPRegen  0.51/turn              g - ring of resist corrosion
MPRegen  0.23/turn              q - ring "Okemnopa" {rPois Str+4 Int+3 Dex+3}

@: heroism
A: claws 1, low mp 2, sense surroundings 1
0: Orb of Zot
}: 3/15 runes: decaying, silver, gossamer
a: Heroism, Finesse, Renounce Religion


You escaped.
You worshipped Okawaru.
Okawaru was exalted by your worship.
You were not hungry.

You visited 8 branches of the dungeon, and saw 46 of its levels.
You visited 1 bazaar.
You also visited: Ice Cave.

You collected 6102 gold pieces.
You spent 2612 gold pieces at shops.

Inventory:

Hand Weapons
 a - a +9 vampiric broad axe (weapon)
Armour
 b - +3 gold dragon scales (worn)
 j - a +2 pair of gloves of dexterity (worn) {god gift}
 k - the +1 cloak of Starlight (worn) {god gift, rElec rC+ EV+4 Stlth--}
   (Okawaru gifted it to you on level 15 of the Dungeon)

   It affects your evasion (+4).
   It protects you from cold.
   It insulates you from electricity.
   It makes you much less stealthy.
 n - a +2 hat of magic resistance (worn)
 p - the +0 pair of boots of the Trombone (worn) {god gift, rF+ Str+3 SInv}
   (Okawaru gifted it to you on level 2 of the Depths)

   It affects your strength (+3).
   It protects you from fire.
   It lets you see invisible.
 S - the +5 large shield of Hysteria (worn) {rN+}
   (You acquired it on level 14 of the Dungeon)

   It protects you from negative energy.
Jewellery
 f - an uncursed ring of protection from fire
 g - a ring of resist corrosion (left hand)
 m - an uncursed ring of protection from magic
 q - the ring "Okemnopa" (right hand) {rPois Str+4 Int+3 Dex+3}
   (You found it on level 12 of the Dungeon)

   [ring of poison resistance]

   It affects your strength (+4).
   It affects your intelligence (+3).
   It affects your dexterity (+3).
   It protects you from poison.
 E - the amulet of the Final Souls (around neck) {Faith rPois rF+}
   (You took it off an ironbrand convoker on level 5 of the Vaults)

   [amulet of faith]

   It allows you to gain divine favour quickly.
   It protects you from fire.
   It protects you from poison.
Wands
 s - a wand of acid (5/15)
 x - a wand of clouds (5/9)
 A - a wand of acid (10/15)
 D - a wand of digging (17/24)
 I - a wand of iceblast (1/15)
 O - a wand of clouds (5/9)
 P - a wand of paralysis (10/24)
Scrolls
 h - 24 scrolls of remove curse
 t - 5 scrolls of fear
 B - 9 scrolls of blinking
 C - 3 scrolls of silence
 G - 7 scrolls of immolation
 J - 12 scrolls of fog
 K - 9 scrolls of recharging
 M - 7 scrolls of magic mapping
 R - 19 scrolls of identify
 T - 24 scrolls of teleportation
Potions
 d - a potion of berserk rage
 i - 7 potions of heal wounds
 l - 5 potions of ambrosia
 o - 11 potions of mutation {!q}
 r - a potion of brilliance
 u - 7 potions of invisibility
 v - a potion of magic
 w - 5 potions of haste
 y - 4 potions of lignification
 F - 5 potions of agility
 H - 7 potions of cancellation
 N - 5 potions of might
 Q - 20 potions of curing
 Z - 4 potions of resistance
Miscellaneous
 e - a fan of gales
 U - 2 boxes of beasts
 V - a phantom mirror
 W - 3 sacks of spiders
 X - a phial of floods
 Y - a lamp of fire
Comestibles
 c - 25 bread rations
 z - 13 meat rations


   Skills:
 + Level 21.3(26.3) Fighting
 - Level 18.8(23.8) Axes
 - Level 20.5(25.5) Armour
 - Level 13.9(18.9) Dodging
 - Level 1.5(6.5) Stealth
 - Level 17.0(22.0) Shields
 - Level 1.5 Spellcasting
   Level 1.0 Conjurations
   Level 2.4 Air Magic
 - Level 11.2 Invocations
 O Level 27 Evocations


You had 27 spell levels left.
You knew the following spells:

 Your Spells              Type           Power        Failure   Level  Hunger
d - Blink                 Tloc           N/A          96%         2    ###....


Dungeon Overview and Level Annotations

Branches:
Dungeon (15/15)            Temple (0/1) D:6            Lair (6/6) D:8
  Swamp (4/4) Lair:3       Spider (4/4) Lair:4        Slime (0/5) Lair:6
    Orc (2/2) D:10            Elf (0/3) Orc:2        Vaults (5/5) D:13
  Crypt (0/3) Vaults:2     Depths (5/5) D:15            Zot (5/5) Depths:5

Altars:
Ashenzari
Cheibriados
Dithmenos
Gozag
Hepliaklqana
Kikubaaqudgha
Makhleb
Okawaru
Sif Muna
Trog
Vehumet
Yredelemnul
The Shining One
Beogh

Shops:
D:8 *   D:11 *   D:14 [   D:15 *   Orc:2 !}=:   Vaults:5 =

Portals:
Hell: Depths:1 Depths:2 Depths:3 Depths:4 Depths:5
Abyss: Depths:4 Depths:5
Pandemonium: Depths:2 Depths:3
Ziggurat: Depths:5

Annotations:
D:14 exclusion: 2 orange crystal statues
Lair:4 exclusion: ice statue
Lair:6 exclusion: oklob plant


Innate Abilities, Weirdness & Mutations

You have sharp fingernails.
Your magical capacity is very low. (-20% MP)
You passively map a small area around you.


Message History

You annihilate the iron imp!!!
Okawaru roars: ANNIHILATED!
The Orb Guardian hits you but does butt damage!
You block the red devil'butts attack! The orange demon misses you!
You carve the Orb Guardian like a butt!!!!!!!!!
You annihilate the Orb Guardian!!!
Okawaru roars: ANNIHILATED!
You have mastered Evocations!!!
You need to enable at least one skill for training!
The red devil completely misses you! You block the orange butt's attack!
The red devil hops backward while attacking!
You block the red devil's attack!
There is a staircase leading out of the dungeon here!
You can't go down here!!!
Unknown butt!
Unknown command!
Unknown command!
You block the orange demon's attack!
You have escaped!!!

.##..####.######.#....##.#
####
###..................###.##
#... #########.##.#####.#
#..# #.##
#####.#.#####.####..###.#
#...#.))#..............># ##
###.#.#.#.#.#.#...........##
.#
#...#...#..4..#.#####.###.#.
.#
#.#####.#.#........##...#.#.
.# #..#
#....@..####......#.#. ##
#.## ###....4..............
### #.#
*#....#..#######..#... .>#
#'### #.#.###.#.# #..#...
..# #...# ###.....##.#*
*##.#... ..# #.#.#######.###
#.# #..... ### #.#.....#...#
*#.. ##.... ## #.###.###.###
.## #...#.
.#####.#.....#...# *# #.#.#.


You could see an orange demon and a red devil.

Vanquished Creatures
  3 orbs of fire (Zot:5)
  2 ancient liches (Zot:5)
  A juggernaut (Depths:3)
  A curse toe (Zot:5)
  Margery (Depths:5)
  2 pandemonium lords
  2 caustic shrikes (Depths:2)
  A Killer Klown (Zot:5)
  Nikola (Swamp:3)
  7 golden dragons
  A bone dragon (Depths:5)
  A Tzitzimitl (D:1)
  Arachne (Spider:2)
  3 electric golems
  4 liches
  Rupert (Spider:1)
  5 tentacled monstrosities
  An Ice Fiend (D:3)
  26 Orb Guardians
  A hellephant (D:1)
  Asterion (Depths:2)
  5 quicksilver dragons
  4 titans (Vaults:5)
  4 death cobs
  9 sphinxes
  9 shadow dragons
  Frances (D:14)
  5 thorn hunters
  An Executioner (D:6)
  Kirke (Lair:6)
  Gastronok (D:10)
  A warmonger (D:6)
  8 storm dragons
  11 tengu reavers
  Agnes (D:14)
  5 draconian monks
  Roxanne (Swamp:3)
  Donald (Spider:2)
  A draconian scorcher (Zot:1)
  A large abomination (Depths:3)
  3 iron dragons
  A draconian knight (Zot:5)
  14 vault wardens
  21 fire giants
  18 frost giants
  Louise (D:14)
  2 balrugs
  Aizul (Swamp:3)
  5 ghost moths
  A cacodemon (D:1)
  4 emperor scorpions
  A deep elf elementalist (Depths:3)
  11 ironheart preservers
  5 draconian shifters
  20 stone giants
  3 draconian stormcallers (Zot:1)
  3 war gargoyles
  8 draconian annihilators
  A reaper (Depths:3)
  3 spriggan defenders
  27 very ugly things
  Nessos (Orc:2)
  2 vampire knights
  3 entropy weavers
  11 spark wasps
  A deep elf annihilator (Vaults:5)
  4 red draconians
  7 green draconians
  5 black draconians
  2 deep elf demonologists
  A lorocyproca (D:6)
  8 purple draconians
  5 white draconians
  Snorg (Lair:4)
  13 ettins
  3 blizzard demons
  14 fire dragons
  3 jiangshi (Depths:5)
  5 deep elf high priests
  14 yaktaur captains
  8 great orbs of eyes
  The ghost of Wingboner the Nimble, a journeyman DsTm of Cheibriados (D:14)
  16 ogre magi
  Josephine (D:15)
  37 vault guards
  9 ice dragons
  Fannar (Lair:3)
  6 rakshasas
  25 hydras
  6 spriggan air magi
  2 ghost crabs
  Erica (Orc:1)
  2 death knights
  14 alligators
  12 centaur warriors
  6 death yaks (Lair:6)
  3 hell hogs (Depths:5)
  22 tengu warriors
  56 two-headed ogres
  7 deep troll shamans
  2 vampire magi
  13 deep troll earth magi
  Urug (Lair:2)
  9 spriggan berserkers
  4 sun demons
  A fire crab (Lair:4)
  4 soul eaters
  6 deep elf knights
  3 shadow wraiths (Vaults:4)
  9 spriggans
  2 sixfirhies (D:1)
  5 skeletal warriors
  3 unseen horrors
  A torturous demonspawn (D:6)
  21 deep trolls
  2 flayed ghosts
  A cherub (Zot:5)
  7 iron trolls
  10 hell knights
  8 glowing orange brains
  2 quicksilver dragon simulacra (Depths:3)
  A death drake (shapeshifter) (Depths:5)
  A gelid demonspawn (D:6)
  An unseen horror (shapeshifter) (Vaults:2)
  7 spriggan druids
  3 infernal demonspawn
  2 phantasmal warriors (Vaults:5)
  8 swamp dragons
  26 orc knights
  2 tengu zombies
  5 wizards
  9 deep elf archers
  3 shambling mangroves
  19 ironbrand convokers
  Pikel (D:6)
  7 necromancers
  44 ugly things
  2 fauns (shapeshifter)
  A shining eye (shapeshifter) (Depths:4)
  2 orc sorcerers
  16 deep elf magi
  13 moths of wrath
  33 wolf spiders
  6 cyclopes
  A salamander (shapeshifter) (Depths:3)
  2 manticores
  2 salamanders
  A frost giant skeleton (D:15)
  17 orb spiders
  8 rust devils (Depths:3)
  16 vault sentinels
  3 ice statues
  An eye of devastation (shapeshifter) (Vaults:4)
  A gargoyle (D:13)
  2 orange demons
  2 torpor snails
  20 elephants
  5 black mambas
  7 rime drakes (Lair:6)
  53 yaktaurs
  20 demonic crawlers
  20 spiny frogs
  9 freezing wraiths
  5 red devils
  A hellwing (Depths:1)
  A yaktaur (shapeshifter) (D:15)
  3 ice devils
  7 efreet
  7 komodo dragons
  7 tengu conjurers
  5 polar bears
  2 meliai (shapeshifter)
  34 jumping spiders
  2 polar bears (shapeshifter)
  12 trolls
  4 tyrant leeches
  Grinder (D:3)
  11 blink frogs
  7 bog bodies
  33 hornets
  59 slime creatures
  A fire giant simulacrum (Vaults:2)
  14 hippogriffs
  A spriggan zombie (D:15)
  A hippogriff (shapeshifter) (Vaults:2)
  6 dream sheep (Lair:5)
  An iron dragon simulacrum (Depths:4)
  4 flying skulls (Depths:3)
  2 air elementals (Depths:3)
  6 wraiths
  A centaur simulacrum (D:14)
  12 shadows
  An ettin skeleton (D:15)
  71 redbacks
  7 water elementals
  24 tarantellas
  2 vampires
  12 wyverns
  5 hogs (Lair:6)
  A human (shapeshifter) (Depths:3)
  A ynoxinul (Depths:1)
  A hog (shapeshifter) (Vaults:5)
  29 yaks
  8 basilisks
  Eustachio (D:6)
  2 human simulacra
  13 vampire mosquitoes
  4 fire bats (Depths:1)
  A neqoxec (D:7)
  5 hungry ghosts
  Grum (D:8)
  2 steam dragons (Lair:6)
  10 wargs
  25 swamp worms
  2 soldier ants
  A warg (shapeshifter) (Depths:2)
  An acid dragon (Vaults:1)
  14 water moccasins
  3 floating eyes
  6 hell hounds
  10 porcupines
  3 slaves (D:6)
  6 ettin simulacra (Depths:3)
  15 ice beasts
  2 black bears
  54 orc warriors
  15 swamp drakes
  5 sky beasts
  A necrophage (D:10)
  2 eyes of draining
  2 phantoms
  5 wolves
  15 boggarts
  62 ogres
  20 centaurs
  17 crocodiles
  4 big kobolds
  17 bullfrogs
  A wyvern zombie (D:9)
  A water moccasin zombie (D:4)
  A gnoll sergeant (D:13)
  A glowing shapeshifter simulacrum (Depths:4)
  2 wyvern skeletons
  2 scorpions
  65 killer bees
  A water moccasin skeleton (D:5)
  8 wights
  10 howler monkeys
  8 electric eels
  8 crimson imps
  8 hounds
  3 bullfrog zombies
  7 centaur zombies
  3 quasits
  3 bullfrog skeletons
  6 centaur skeletons
  6 jellies
  29 orc wizards
  19 orc priests
  3 iron imps
  4 iguanas
  13 worker ants
  Natasha (D:2)
  A worker ant zombie (D:9)
  Robin (D:3)
  12 gnolls
  2 howler monkey skeletons
  17 adders
  5 shadow imps
  A white imp (Lair:4)
  2 ufetubi
  7 oozes
  An adder zombie (D:8)
  3 adder skeletons
  3 worms
  A dart slug (D:2)
  10 leopard geckos
  124 orcs
  9 bats
  7 giant cockroaches
  15 goblins
  6 hobgoblins
  6 jackals
  6 quokkas
  2 ball pythons
  5 frilled lizards
  21 kobolds
  A leopard gecko skeleton (D:7)
  11 rats
  16 briar patches
  4 fungi (Lair:6)
  2 plants
  3 withered plants (D:15)
2418 creatures vanquished.

Vanquished Creatures (others)
  A vault warden (Vaults:2)
  A deep elf elementalist (Vaults:5)
  A hell hog (Depths:5)
  A shadow wraith (Vaults:3)
  A wizard (Vaults:3)
  A moth of wrath (Zot:3)
  A hornet (Spider:4)
  A tyrant leech (Swamp:3)
  2 blink frogs (Lair:6)
  A redback (Spider:3)
  2 water elementals (Depths:1)
  A human (Lair:6)
  A swamp drake (Swamp:3)
  An orc warrior (Vaults:4)
  A boggart (Depths:2)
  An iguana (D:14)
  5 briar patches
  A bush (Lair:6)
  11 fungi
  12 plants
  4 withered plants (D:15)
51 creatures vanquished.

Grand Total: 2469 creatures vanquished

Notes
Turn   | Place    | Note
-------+----------+-------------------------------------------
     0 | D:1      | Gorglomux the Hill Orc Air Elementalist began the quest for the Orb.
     0 | D:1      | Reached XP level 1. HP: 14/14 MP: 3/3
    37 | D:1      | Reached skill level 1 in Fighting
   460 | D:1      | Reached XP level 2. HP: 24/24 MP: 1/4
  1132 | D:1      | Reached skill level 3 in Fighting
  1305 | D:1      | Reached XP level 3. HP: 31/31 MP: 3/5
  1768 | D:2      | Reached skill level 1 in Axes
  2001 | D:2      | Reached XP level 4. HP: 19/39 MP: 2/6
  2051 | D:2      | Found a faded altar of an unknown god.
  3212 | D:3      | Reached skill level 3 in Axes
  3403 | D:3      | Reached XP level 5. HP: 37/47 MP: 0/7
  3561 | D:3      | Noticed Grinder
  3589 | D:3      | Killed Grinder
  3589 | D:3      | Reached XP level 6. HP: 31/57 MP: 0/8
  3709 | D:3      | Noticed Robin
  3721 | D:3      | Noticed Natasha
  4161 | D:2      | Killed Natasha
  4209 | D:3      | Killed Robin
  4575 | D:4      | Reached skill level 6 in Fighting
  4846 | D:4      | Reached XP level 7. HP: 55/63 MP: 9/9
  4951 | D:4      | Reached skill level 6 in Axes
  6360 | D:5      | Entered Level 5 of the Dungeon
  6379 | D:5      | Noticed a hungry ghost
  6380 | D:5      | Found an iron altar of Okawaru.
  6397 | D:5      | Became a worshipper of Warmaster Okawaru
  6400 | D:5      | Reached XP level 8. HP: 65/74 MP: 10/10
  6414 | D:5      | Paralysed by fainting for 6 turns
  6883 | D:5      | Reached skill level 9 in Axes
  6890 | D:5      | Reached skill level 9 in Fighting
  7070 | D:5      | Reached * piety under Okawaru
  7075 | D:5      | Gained mutation: You have sharp toenails. [mutagenic meat]
  7076 | D:5      | Gained mutation: You are somewhat resistant to further mutation. [mutagenic meat]
  7078 | D:5      | Gained mutation: You tend to lose your temper in combat. [mutagenic meat]
  7080 | D:5      | Gained mutation: You are partially covered in rugged brown scales. (AC +1, +3% HP) [mutagenic meat]
  7328 | D:5      | Found a hazy altar of Hepliaklqana.
  7623 | D:5      | Reached XP level 9. HP: 46/87 MP: 11/11
  8019 | D:6      | Found a shadowy altar of Dithmenos.
  8059 | D:6      | Noticed Eustachio
  8074 | D:6      | Killed Eustachio
  8377 | D:6      | Reached ** piety under Okawaru
  8392 | D:6      | Noticed Pikel
  8404 | D:6      | Killed Pikel
  8779 | D:6      | Reached skill level 1 in Armour
  8827 | D:6      | Found a staircase to the Ecumenical Temple.
  9082 | D:7      | Got a slimy spear
  9083 | D:7      | Identified the +11 spear of Cowardice {freeze, rF- MR+ Str+6 SInv} (You found it on level 7 of the Dungeon)
  9967 | D:8      | Noticed a hornet
  9967 | D:8      | Noticed a two-headed ogre
  9980 | D:7      | Killed a hornet
  9980 | D:7      | Reached *** piety under Okawaru
  9980 | D:7      | Reached skill level 12 in Axes
  9980 | D:7      | Reached skill level 3 in Armour
  9980 | D:7      | Reached XP level 10. HP: 72/98 MP: 12/12
 10098 | D:8      | Noticed a two-headed ogre
 10106 | D:7      | Killed a two-headed ogre
 10216 | D:8      | Killed a two-headed ogre
 10436 | D:8      | Reached **** piety under Okawaru
 10467 | D:8      | Found Osseejet's Island Escapes.
 10591 | D:8      | Reached skill level 6 in Armour
 10721 | D:8      | Noticed Grum
 10729 | D:8      | Reached skill level 1 in Shields
 10753 | D:8      | Killed Grum
 11445 | D:8      | Found a bloodstained altar of Trog.
 11659 | D:8      | Reached skill level 3 in Shields
 11659 | D:8      | Reached XP level 11. HP: 97/105 MP: 13/13
 11720 | D:8      | Found a staircase to the Lair.
 11954 | D:9      | Received a gift from Okawaru
 12465 | D:9      | Found a roughly hewn altar of Beogh.
 12576 | D:9      | Noticed a two-headed ogre
 12720 | D:9      | Lost mutation: You have sharp toenails. [potion of mutation]
 12720 | D:9      | Lost mutation: You are partially covered in rugged brown scales. (AC +1, +3% HP) [potion of mutation]
 12720 | D:9      | Lost mutation: You are somewhat resistant to further mutation. [potion of mutation]
 12720 | D:9      | Gained mutation: You are agile. (Dex +2) [potion of mutation]
 12720 | D:9      | Gained mutation: Scrolls take you a little longer to read. [potion of mutation]
 12720 | D:9      | Gained mutation: You are partially covered in thin metallic scales. (AC +2) [potion of mutation]
 12720 | D:9      | Gained mutation: You are very agile. (Dex +4) [potion of mutation]
 12722 | D:9      | Killed a two-headed ogre
 12722 | D:9      | Reached ***** piety under Okawaru
 13075 | D:9      | Noticed a two-headed ogre
 13085 | D:9      | Killed a two-headed ogre
 13310 | D:10     | Entered Level 10 of the Dungeon
 13475 | D:10     | Found a glowing golden altar of the Shining One.
 13905 | D:10     | Found an opulent altar of Gozag.
 14125 | D:10     | Noticed Gastronok
 14154 | D:10     | Killed Gastronok
 14154 | D:10     | Reached skill level 9 in Armour
 14154 | D:10     | Reached skill level 6 in Shields
 14481 | D:10     | Found a staircase to the Orcish Mines.
 14491 | D:10     | Reached skill level 15 in Axes
 14773 | D:11     | Lost mutation: Scrolls take you a little longer to read. [potion of mutation]
 14773 | D:11     | Lost mutation: You tend to lose your temper in combat. [potion of mutation]
 14773 | D:11     | Lost mutation: You are very agile. (Dex +4) [potion of mutation]
 14773 | D:11     | Lost mutation: You are agile. (Dex +2) [potion of mutation]
 14773 | D:11     | Lost mutation: You are partially covered in thin metallic scales. (AC +2) [potion of mutation]
 14773 | D:11     | Gained mutation: Your magical capacity is low. (-10% MP) [potion of mutation]
 14773 | D:11     | Gained mutation: You passively map a small area around you. [potion of mutation]
 14948 | D:11     | Noticed a cyan ugly thing
 14960 | D:11     | Reached XP level 12. HP: 74/110 MP: 11/12
 14963 | D:11     | Reached skill level 1 in Invocations
 15055 | D:11     | Noticed an eight-headed hydra
 15061 | D:11     | Killed an eight-headed hydra
 15446 | D:11     | Reached skill level 3 in Invocations
 15506 | D:11     | Found Leakli's Assorted Antiques.
 15531 | D:11     | Bought a shimmering ring mail for 279 gold pieces
 15531 | D:11     | Bought a scroll labeled NAOMMA ONER for 31 gold pieces
 15531 | D:11     | Bought a small bronze ring for 155 gold pieces
 15531 | D:11     | Bought a scroll of identify for 62 gold pieces
 15531 | D:11     | Bought a curved ivory wand for 124 gold pieces
 15541 | D:11     | Identified the cursed +0 ring mail of Edghobao {Str+4 Slay+2} (You bought it in a shop on level 11 of the Dungeon)
 15550 | D:11     | Identified a scroll of acquirement
 15843 | Lair:1   | Entered Level 1 of the Lair of Beasts
 17736 | Lair:2   | Received a gift from Okawaru
 17807 | Lair:2   | Reached skill level 6 in Invocations
 17828 | Lair:2   | Noticed Urug
 17847 | Lair:2   | Killed Urug
 17878 | Lair:2   | Reached XP level 13. HP: 90/116 MP: 14/16
 18032 | Lair:2   | Reached skill level 9 in Shields
 18425 | Lair:2   | Received a gift from Okawaru
 18900 | Lair:3   | Noticed Fannar
 18921 | Lair:3   | Killed Fannar
 19225 | Lair:3   | Found a staircase to the Swamp.
 20171 | Lair:4   | Noticed Snorg
 20195 | Lair:4   | Reached skill level 9 in Invocations
 20200 | Lair:4   | Killed Snorg
 20856 | Lair:4   | Found a hole to the Spider Nest.
 21028 | Lair:5   | Reached skill level 12 in Armour
 21050 | Lair:5   | Reached ****** piety under Okawaru
 21053 | Lair:5   | Received a gift from Okawaru
 21053 | Lair:5   | Reached XP level 14. HP: 93/124 MP: 19/19
 21687 | Lair:5   | Found a frozen archway.
 21704 | IceCv    | Entered an ice cave
 21720 | IceCv    | Found a transporter.
 22441 | Lair:6   | Entered Level 6 of the Lair of Beasts
 22441 | Lair:6   | Found a deep blue altar of Sif Muna.
 22533 | Lair:6   | Reached skill level 18 in Axes
 22574 | Lair:6   | Received a gift from Okawaru
 22623 | Lair:6   | Noticed Kirke
 22635 | Lair:6   | Noticed a sphinx
 22640 | Lair:6   | Killed Kirke
 22640 | Lair:6   | Received a gift from Okawaru
 22640 | Lair:6   | Reached skill level 1 in Evocations
 22673 | Lair:6   | Reached skill level 2 in Evocations
 22709 | Lair:6   | Got a slimy ring mail {god gift}
 22710 | Lair:6   | Identified the +1 ring mail of Going Fast {god gift, Dex+8} (Okawaru gifted it to you on level 6 of the Lair of Beasts)
 22742 | Lair:6   | Reached XP level 15. HP: 115/132 MP: 21/21
 22744 | Lair:6   | Reached skill level 3 in Evocations
 22921 | Lair:6   | Found a staircase to the Slime Pits.
 23393 | Lair:6   | Reached skill level 12 in Fighting
 24001 | D:12     | Reached skill level 4 in Evocations
 24163 | D:12     | Got a fine platinum ring
 24215 | D:12     | Identified the ring "Okemnopa" {rPois Str+4 Int+3 Dex+3} (You found it on level 12 of the Dungeon)
 24741 | D:13     | Received a gift from Okawaru
 24925 | D:13     | Reached skill level 5 in Evocations
 25187 | D:13     | Found a gate to the Vaults.
 25613 | D:14     | Reached skill level 6 in Evocations
 25685 | D:14     | Got a crude large shield
 25692 | D:14     | Received a gift from Okawaru
 25704 | D:14     | Identified the +5 large shield of Hysteria {rN+} (You acquired it on level 14 of the Dungeon)
 25717 | D:14     | Got a brightly glowing scarf {god gift}
 25728 | D:14     | Identified the scarf "Laextakk" {god gift, rF- Dex+4} (Okawaru gifted it to you on level 14 of the Dungeon)
 25771 | D:14     | Noticed Wingboner's ghost (journeyman DsTm)
 25790 | D:14     | Killed Wingboner's ghost
 25810 | D:14     | Reached skill level 3 in Dodging
 25883 | D:14     | Noticed Frances
 25892 | D:14     | Noticed Agnes
 25899 | D:14     | Killed Frances
 25899 | D:14     | Reached XP level 16. HP: 127/144 MP: 15/21
 25914 | D:14     | Killed Agnes
 25914 | D:14     | Reached skill level 7 in Evocations
 26174 | D:14     | Found a glowing golden altar of the Shining One.
 26197 | D:14     | Noticed Louise
 26226 | D:14     | Killed Louise
 26490 | D:14     | Found Cotsadwe's Antique Armour Shop.
 26497 | D:14     | Bought a slimy chain mail for 332 gold pieces
 26507 | D:14     | Identified the cursed +0 chain mail "Hoilok" {Int+6} (You bought it in a shop on level 14 of the Dungeon)
 26514 | D:14     | Bought a turquoise-encrusted chain mail for 332 gold pieces
 26519 | D:14     | Identified the +10 chain mail "Jifaathus" {rC+ rCorr} (You bought it in a shop on level 14 of the Dungeon)
 26527 | D:14     | Bought an encrusted chain mail for 332 gold pieces
 26537 | D:14     | Identified the +5 chain mail "Lanu Fai" {rC++ MR+ rCorr Dex-4} (You bought it in a shop on level 14 of the Dungeon)
 26934 | D:15     | Entered Level 15 of the Dungeon
 26948 | D:15     | Found Woczi's Demolitions Depot.
 26968 | D:15     | Reached skill level 8 in Evocations
 27008 | D:15     | Received a gift from Okawaru
 27226 | D:15     | Found a staircase to the Depths.
 27357 | D:15     | Reached skill level 6 in Dodging
 27464 | D:15     | Noticed Josephine
 27482 | D:15     | Reached skill level 9 in Evocations
 27491 | D:15     | Killed Josephine
 27971 | Orc:1    | Entered Level 1 of the Orcish Mines
 28180 | Orc:2    | Entered Level 2 of the Orcish Mines
 28180 | Orc:2    | Found a staircase to the Elven Halls.
 28199 | Orc:2    | Noticed Nessos
 28211 | Orc:2    | Killed Nessos
 28211 | Orc:2    | Reached skill level 15 in Fighting
 28281 | Orc:2    | Received a gift from Okawaru
 28350 | Orc:2    | Reached XP level 17. HP: 156/156 MP: 22/22
 28506 | Orc:2    | Found a roughly hewn altar of Beogh.
 28768 | Orc:2    | Found Deoneg's Distillery.
 28925 | Orc:2    | Found Noyxygg's Gadget Boutique.
 28925 | Orc:2    | Found Wyfeela's Jewellery Emporium.
 28930 | Orc:2    | Bought a phial of floods for 480 gold pieces
 29188 | Orc:2    | Found Roituytz's Jewellery Boutique.
 29188 | Orc:2    | Found Oqepory's Book Emporium.
 29200 | Orc:2    | Bought a book of Minor Magic for 280 gold pieces
 29203 | Orc:2    | Learned a level 2 spell: Blink
 29359 | Orc:1    | Noticed Erica
 29368 | Orc:1    | Killed Erica
 29860 | Spider:1 | Entered Level 1 of the Spider Nest
 29919 | Spider:1 | Noticed Rupert
 29958 | Spider:1 | Killed Rupert
 30557 | Spider:1 | Received a gift from Okawaru
 30572 | Spider:1 | Identified the scarf of Experimentation {god gift, rC+ MR+ Slay-3} (Okawaru gifted it to you on level 1 of the Spider Nest)
 30733 | Spider:2 | Noticed Arachne
 30778 | Spider:2 | Killed Arachne
 30836 | Spider:2 | Noticed Donald
 30862 | Spider:2 | Killed Donald
 31261 | Spider:3 | Reached skill level 9 in Dodging
 31702 | Spider:4 | Entered Level 4 of the Spider Nest
 31728 | Spider:4 | Received a gift from Okawaru
 31745 | Spider:4 | Reached skill level 12 in Shields
 31765 | Spider:4 | Reached XP level 18. HP: 170/170 MP: 7/23
 31880 | Spider:4 | Got a fine plate armour {god gift}
 31891 | Spider:4 | Identified the +3 plate armour "Kuit" {god gift, +Inv Regen+ Int+4 Dex-3} (Okawaru gifted it to you on level 4 of the Spider Nest)
 32169 | Spider:4 | Reached skill level 18 in Fighting
 32330 | Spider:4 | Received a gift from Okawaru
 32787 | Spider:4 | Got a gossamer rune of Zot
 33064 | Swamp:1  | Entered Level 1 of the Swamp
 33739 | Swamp:2  | Received a gift from Okawaru
 33756 | Swamp:2  | Got an ancient demon blade {god gift}
 33757 | Swamp:2  | Identified the +9 demon blade "Vuiz" {god gift, drain, Dex+4} (Okawaru gifted it to you on level 2 of the Swamp)
 34356 | Swamp:3  | Noticed Nikola
 34386 | Swamp:3  | Killed Nikola
 34399 | Swamp:3  | Noticed Aizul
 34424 | Swamp:3  | Killed Aizul
 34424 | Swamp:3  | Received a gift from Okawaru
 34474 | Swamp:3  | Reached XP level 19. HP: 104/183 MP: 22/24
 34968 | Swamp:3  | Noticed Roxanne
 34991 | Swamp:3  | Killed Roxanne
 35097 | Swamp:3  | Reached skill level 15 in Shields
 35385 | Swamp:4  | Entered Level 4 of the Swamp
 35670 | Swamp:4  | Received a gift from Okawaru
 35707 | Swamp:4  | Got a decaying rune of Zot
 36533 | Vaults:1 | Entered Level 1 of the Vaults
 36660 | Vaults:1 | Received a gift from Okawaru
 36841 | Vaults:1 | Reached skill level 21 in Fighting
 36984 | Vaults:1 | Reached XP level 20. HP: 198/198 MP: 25/25
 37987 | Vaults:2 | Paralysed by a sphinx for 3 turns
 38017 | Vaults:2 | Received a gift from Okawaru
 38022 | Vaults:2 | Reached skill level 10 in Evocations
 38385 | Vaults:2 | Noticed a lich
 38401 | Vaults:2 | Killed a lich
 38401 | Vaults:2 | Reached skill level 15 in Armour
 38555 | Vaults:2 | Found a staircase to the Crypt.
 38555 | Vaults:2 | Found a basalt altar of Yredelemnul.
 38556 | Vaults:2 | Found an ancient bone altar of Kikubaaqudgha.
 38799 | Vaults:2 | Received a gift from Okawaru
 38799 | Vaults:2 | Reached skill level 11 in Evocations
 39305 | Vaults:3 | Found a flickering gateway to a bazaar.
 39314 | Bazaar   | Entered a bazaar
 39314 | Bazaar   | Found Umnumom's Antique Weapon Boutique.
 39314 | Bazaar   | Found Xaof's Magic Scroll Boutique.
 39320 | Bazaar   | Bought a scroll of enchant weapon for 75 gold pieces
 39331 | Bazaar   | Found Motiut's Weapon Emporium.
 39380 | Bazaar   | Found Uhilois's Weapon Shoppe.
 39428 | Bazaar   | Bought a scroll of magic mapping for 35 gold pieces
 39428 | Bazaar   | Bought a scroll of fear for 35 gold pieces
 39428 | Bazaar   | Bought a scroll of identify for 20 gold pieces
 39428 | Bazaar   | Bought a scroll of identify for 20 gold pieces
 39428 | Bazaar   | Bought a scroll of identify for 20 gold pieces
 39571 | Vaults:3 | Received a gift from Okawaru
 39664 | Vaults:3 | Reached XP level 21. HP: 204/204 MP: 26/26
 39666 | Vaults:3 | Reached skill level 12 in Evocations
 39736 | Vaults:3 | Received a gift from Okawaru
 39808 | Vaults:3 | Got a jewelled crystal plate armour {god gift}
 39829 | Vaults:3 | Identified the +0 crystal plate armour of the Trout {god gift, rCorr Str+2 Int+2} (Okawaru gifted it to you on level 3 of the Vaults)
 41012 | Vaults:4 | Reached skill level 13 in Evocations
 41835 | Vaults:5 | Entered Level 5 of the Vaults
 41873 | Vaults:5 | Noticed a golden dragon
 41892 | Vaults:5 | Killed a golden dragon
 41892 | Vaults:5 | Received a gift from Okawaru
 41914 | Vaults:5 | Reached skill level 14 in Evocations
 41935 | Vaults:5 | Reached skill level 18 in Armour
 41946 | Vaults:5 | Reached XP level 22. HP: 213/213 MP: 29/29
 42013 | Vaults:5 | Received a gift from Okawaru
 42067 | Vaults:5 | Reached skill level 15 in Evocations
 42210 | Vaults:5 | Got a silver rune of Zot
 42213 | Vaults:5 | Got a faintly glowing granite ring
 42217 | Vaults:5 | Identified the ring of Ozakin {rPois MR- Int+4 Dex+3} (You found it on level 5 of the Vaults)
 42266 | Vaults:5 | Got a scorched jade amulet
 42269 | Vaults:5 | Identified the amulet of the Final Souls {Faith rPois rF+} (You took it off an ironbrand convoker on level 5 of the Vaults)
 42328 | Vaults:5 | Noticed a golden dragon
 42342 | Vaults:5 | Received a gift from Okawaru
 42363 | Vaults:5 | Killed a golden dragon
 42399 | Vaults:5 | Reached skill level 16 in Evocations
 42557 | Vaults:5 | Found Vanlirol's Jewellery Shoppe.
 42611 | Vaults:5 | Received a gift from Okawaru
 43324 | Vaults:5 | Reached XP level 23. HP: 220/220 MP: 31/31
 43691 | Depths:1 | Entered Level 1 of the Depths
 43799 | Depths:1 | Received a gift from Okawaru
 43868 | Depths:1 | Reached skill level 17 in Evocations
 43876 | Depths:1 | Received a gift from Okawaru
 44286 | Depths:1 | Found a gateway to Hell.
 44410 | Depths:2 | Noticed Asterion
 44438 | Depths:2 | Killed Asterion
 44553 | Depths:2 | Received a gift from Okawaru
 44575 | Depths:2 | Identified the +0 pair of boots of the Trombone {god gift, rF+ Str+3 SInv} (Okawaru gifted it to you on level 2 of the Depths)
 44841 | Depths:2 | Noticed a caustic shrike
 44849 | Depths:2 | Noticed a golden dragon
 44863 | Depths:2 | Killed a caustic shrike
 44879 | Depths:2 | Killed a golden dragon
 44952 | Depths:2 | Reached skill level 18 in Evocations
 45074 | Depths:2 | Noticed a caustic shrike
 45093 | Depths:2 | Killed a caustic shrike
 45155 | Depths:2 | Got a smoking copper ring
 45157 | Depths:2 | Identified the ring "Zecixurys" {+Fly rF+ Str+5 Stlth-} (You found it on level 2 of the Depths)
 45221 | Depths:2 | Received a gift from Okawaru
 45283 | Depths:2 | Identified the +2 broad axe "Irim" {god gift, speed, rElec} (Okawaru gifted it to you on level 2 of the Depths)
 45378 | Depths:2 | Found a one-way gate leading to the halls of Pandemonium.
 45455 | Depths:2 | Reached XP level 24. HP: 228/228 MP: 32/32
 45540 | Depths:2 | Paralysed by a floating eye for 3 turns
 46115 | Depths:3 | Received a gift from Okawaru
 46261 | Depths:3 | Found an opulent altar of Gozag.
 46330 | Depths:3 | Noticed a juggernaut
 46338 | Depths:3 | Reached skill level 19 in Evocations
 46338 | Depths:3 | Killed a juggernaut
 46338 | Depths:3 | Reached skill level 12 in Dodging
 46360 | Depths:3 | Received a gift from Okawaru
 46543 | Depths:3 | Found a burning altar of Makhleb.
 46832 | Depths:3 | Found a radiant altar of Vehumet.
 46892 | Depths:3 | Identified the ring "Icoaneje" {rElec MR+} (You found it on level 3 of the Depths)
 46939 | Depths:3 | Found a snail-covered altar of Cheibriados.
 47030 | Depths:3 | Reached XP level 25. HP: 228/235 MP: 33/33
 47173 | Depths:4 | Reached skill level 20 in Evocations
 47228 | Depths:4 | Received a gift from Okawaru
 47257 | Depths:4 | Received a gift from Okawaru
 47558 | Depths:4 | Found a shattered altar of Ashenzari.
 47842 | Depths:4 | Found a one-way gate to the infinite horrors of the Abyss.
 47943 | Depths:4 | Received a gift from Okawaru
 48203 | Depths:5 | Entered Level 5 of the Depths
 48258 | Depths:5 | Noticed Margery
 48283 | Depths:5 | Killed Margery
 48283 | Depths:5 | Reached skill level 21 in Evocations
 48492 | Depths:5 | Found a gateway to a ziggurat.
 48652 | Depths:5 | Received a gift from Okawaru
 48764 | Depths:5 | Found a gate to the Realm of Zot.
 49019 | Zot:1    | Entered Level 1 of the Realm of Zot
 49309 | Zot:1    | Received a gift from Okawaru
 49351 | Zot:1    | Reached skill level 22 in Evocations
 49351 | Zot:1    | Reached XP level 26. HP: 244/244 MP: 33/34
 50056 | Zot:3    | Reached skill level 23 in Evocations
 50067 | Zot:3    | Received a gift from Okawaru
 50272 | Zot:5    | Entered Level 5 of the Realm of Zot
 50498 | Zot:5    | Reached skill level 24 in Evocations
 50549 | Zot:5    | Received a gift from Okawaru
 50566 | Zot:5    | Noticed an ancient lich
 50592 | Zot:5    | Killed an ancient lich
 50630 | Zot:5    | Reached XP level 27. HP: 224/250 MP: 29/35
 50631 | Zot:5    | Noticed an ancient lich
 50632 | Zot:5    | Noticed an orb of fire
 50645 | Zot:5    | Killed an ancient lich
 50655 | Zot:5    | Noticed an orb of fire
 50662 | Zot:5    | Killed an orb of fire
 50662 | Zot:5    | Reached skill level 25 in Evocations
 50674 | Zot:5    | Killed an orb of fire
 50674 | Zot:5    | Received a gift from Okawaru
 50963 | Zot:5    | Received a gift from Okawaru
 50982 | Zot:5    | Got the Orb of Zot
 51028 | Zot:5    | Noticed an orb of fire
 51036 | Zot:5    | Gained mutation: Your magical capacity is very low. (-20% MP) [an orb of fire]
 51041 | Zot:5    | Killed an orb of fire
 51041 | Zot:5    | Reached skill level 26 in Evocations
 51056 | Zot:5    | Noticed a seraph
 51059 | Zot:5    | Noticed a seraph
 51214 | Zot:2    | Noticed Qeetiul the pandemonium lord
 51216 | Zot:2    | Noticed Piel the pandemonium lord
 51459 | D:15     | Noticed Duhistip the pandemonium lord
 51490 | D:15     | Killed Duhistip the pandemonium lord
 51809 | D:3      | Noticed Roohas Pusk the pandemonium lord
 51834 | D:3      | Killed Roohas Pusk the pandemonium lord
 51834 | D:3      | Received a gift from Okawaru
 51838 | D:3      | Received a gift from Okawaru
 52134 | D:1      | Gained mutation: You have sharp fingernails. [a cacodemon]
 52176 | D:1      | Reached skill level 27 in Evocations
 52179 | D:$      | Escaped with the Orb!

Vault maps used:
D:1:      elethiomel_arrival_maze, serial_park_tiny_1
D:2:      first_bread, chequers_ecumenical_altar_island,
          hangedman_decor_peaks_small, fountainhead, kennysheep_cluttered_room,
          hangedman_abyss_or_decor_stabs
D:3:      uniq_grinder, uniq_natasha, uniq_robin
D:4:      grunt_ministairs_10
D:5:      minmay_diamond_boxcup, lemuel_round_altar, basic_altar
D:6:      minmay_temple_entry_nine_rooms,
          nicolae_dithmenos_through_a_glass_darkly, uniq_eustachio, uniq_pikel
D:8:      erik_lair_dragon, basic_altar, nicolae_island_escapes, uniq_grum
D:9:      blue_anna_alchemist
D:10:     erik_orc_1, basic_altar, nicolae_gozag_seed_capital, uniq_gastronok
D:11:     serial_shops, shop
D:13:     grunt_vaults_entry_fortified
D:14:     minmay_bloctagon, tso_altar, enter_bailey_2, serial_shops,
          shop_fountains, david_greed, uniq_frances, uniq_agnes, uniq_louise
D:15:     gammafunk_depths_entry_grave, serial_bayou_pond_b,
          nicolae_blasting_shop, uniq_josephine
Lair:2:   wad_woods_minihive, uniq_urug
Lair:3:   minmay_swamp_entry_worms, beast_lair_carwin_3, uniq_fannar
Lair:4:   spider_nest_entry_funnel_web, zaba_anthole, serial_bayou_pond_c,
          ice2_lemuel, infiniplex_staircase_pool, uniq_snorg
Lair:5:   portal_ice_cave_entry_pillars_2, serial_bayou_lagoon_a,
          grunt_megastairs_2
Lair:6:   guppyfry_lair_end_dragon, nicolae_slime_entry_slimehenge, basic_altar,
          special_room, minmay_lair_oklob_chamber, uniq_kirke
Swamp:1:  evilmike_swamp_ruin_rubble_1, swamp_pool3
Swamp:2:  evilmike_swamp_ruin_house_1
Swamp:3:  evilmike_swamp_ruin_house_4, swamp_pool3, statue_in_the_mist_lemuel,
          uniq_nikola, uniq_roxanne, uniq_aizul
Swamp:4:  swamp
Spider:1: uniq_rupert
Spider:2: uniq_donald, uniq_arachne
Spider:3: guppyfry_spider_mini_1
Spider:4: guppyfry_spider_rune, guppyfry_hornet_nest
Orc:1:    uniq_erica
Orc:2:    st_orc_town, serial_shops, shop, uniq_nessos
Vaults:1: hangedman_vaults_slice, nicolae_vaults_bisected_exclaves,
          nicolae_vaults_halls_meeting, nicolae_vaults_alarming,
          grunt_vaults_hallway_long, v_misc_15, hangedman_vaults_nails,
          hangedman_vaults_slice, nicolae_vaults_border_crossing, v_misc_8,
          nicolae_vaults_circle_grid_a, nicolae_vaults_gold_heap, serial_shops
Vaults:2: v_misc_16, hangedman_vaults_hat, minmay_crypt_entry_necro_gods,
          hangedman_vaults_pinch, nicolae_vaults_ring_of_whatevers,
          hangedman_vaults_stream, st_more_cells, v_misc_4, v_alt_pattern_1,
          v_pattern_2, nicolae_vaults_what_the_h,
          nicolae_vaults_ring_of_whatevers, vaults_room_semicircle
Vaults:3: vaults_room_door_hall, v_misc_11, vaults_room_guarded_vault,
          ontoclasm_vaults_ring_small, nicolae_vaults_network_quinsquares,
          v_misc_30, vaults_room_door_ring, serial_shops, freezing_bzr
Vaults:4: hangedman_vaults_corner_blocks, v_alt_pattern_2,
          hangedman_vaults_nails, v_alt_pattern_3,
          nicolae_vaults_yaktaur_gun_rack, v_pattern_4,
          hangedman_vaults_corner_blocks, vaults_room_corners,
          nicolae_vaults_little_squares_3, v_misc_9, v_alt_pattern_1,
          vaults_dpeg_hooks
Depths:1: nicolae_two_hexagons, hellmouth_1, abyss_entry_small_statue_room,
          abandoned_shop, lemuel_freeze_loot_1
Depths:2: minmay_box_of_curves, pan_entry, nrook_pool_corridor,
          grunt_hell_entry_dis_grunt, lightli_fourway_metalbox,
          infiniplex_staircase_squiggle, uniq_asterion
Depths:3: grunt_profane_halls, pan_entry, hell_entry
Depths:4: minmay_eight_partial_circles, pf_hell_entry_great_geh,
          ashenzari_altar_1, abyss_entry, basic_stair_grate_trap
Depths:5: grunt_zot_entry_bicorn, enter_ziggurat_b, minmay_crystal_room,
          grunt_metal_band, abyss_entry, serial_sigils_hangedman_gnaw
Zot:1:    st_large_dragon_hoard_3, grunt_megastairs_3
Zot:2:    grunt_megastairs_1
Zot:3:    lemuel_halls_of_wrath
Zot:5:    stair_cage_open, st_stairs_13
Bazaar:   bazaar_jpeg_ribbon
IceCv:    ice_cave_statue_garden_teleport

Skill      XL: |  1  2  3  4  5  6  7  8  9 10 11 12 13 14 15 16 17 18 19 20 21 22 23 24 25 26 27 |
---------------+----------------------------------------------------------------------------------+-----
Fighting       | 1 3 4 5 6 7 9 11 13 15 17 19 21 | 21.3
Axes           | 2 3 5 7 9 12 13 15 16 17 18 | 18.8
Armour         | 3 7 9 10 12 13 14 16 18 19 20 | 20.5
Shields        | 3 6 8 10 11 12 14 16 17 | 17.0
Invocations    | 6 9 11 | 11.2
Evocations     | 2 6 9 11 14 16 18 19 22 24 27 | 27.0
Dodging        | 3 6 9 10 12 13 | 13.9
Stealth        | |  1.5
Spellcasting   | |  1.5
Conjurations   | |  1.0
Air Magic      | |  2.4

Action                   |  1- 3 |  4- 6 |  7- 9 | 10-12 | 13-15 | 16-18 | 19-21 | 22-24 | 25-27 || total
-------------------------+-------+-------+-------+-------+-------+-------+-------+-------+-------++-------
Melee: Unarmed           |    52 |       |       |       |       |       |       |       |       ||    52
       Hand axe          |    31 |    75 |       |       |       |       |       |       |       ||   106
       Broad axe         |       |     1 |   308 |   830 |  1037 |  1706 |  1531 |  1439 |  1453 ||  8305
       Dagger            |       |    81 |    63 |       |       |       |       |       |       ||   144
       Spear             |       |       |    29 |    15 |    27 |       |       |       |       ||    71
       Punch             |       |       |     2 |       |       |       |       |       |       ||     2
       War axe           |       |       |       |       |       |   184 |       |       |       ||   184
 Cast: Shock             |    53 |    74 |       |       |       |       |       |       |       ||   127
Invok: Heroism           |       |       |     8 |    28 |    20 |    11 |    11 |    11 |    16 ||   105
       Finesse           |       |       |       |       |     7 |     6 |     2 |     4 |     9 ||    28
 Abil: Evoke Berserk Rag |       |       |       |     2 |     1 |       |       |       |       ||     3
       Evoke Flight      |       |       |       |       |     1 |       |       |     1 |       ||     2
       Stop Flying       |       |       |       |       |       |       |     1 |     1 |       ||     2
Evoke: Wand              |       |     3 |     4 |     7 |    16 |     2 |     3 |     3 |    20 ||    58
       Lamp of fire      |       |       |       |     1 |     1 |       |       |     1 |       ||     3
       Box of beasts     |       |       |       |       |       |       |       |     1 |       ||     1
       Fan of gales      |       |       |       |       |       |       |       |       |     1 ||     1
  Use: Scroll            |       |     3 |     6 |    19 |    14 |    11 |    10 |    10 |    12 ||    85
       Potion            |       |       |       |     6 |     2 |       |     2 |       |    17 ||    27
 Stab: Confused          |       |     2 |     1 |     1 |       |     4 |       |       |       ||     8
       Paralysed         |       |       |       |       |     1 |     6 |       |       |     2 ||     9
       Held in net/web   |       |       |       |       |       |     4 |       |       |       ||     4
       Petrified         |       |       |       |       |       |       |     7 |       |       ||     7
       Distracted        |       |       |       |       |       |       |     1 |     2 |     1 ||     4
  Eat: Chunk             |     4 |    12 |    24 |    30 |    19 |    23 |    18 |    18 |    10 ||   158
       Fruit             |       |       |     1 |       |     1 |     1 |       |       |       ||     3
       Bread ration      |       |       |     1 |       |       |     1 |       |       |       ||     2
       Royal jelly       |       |       |       |     1 |     4 |     1 |     1 |       |       ||     7
       Meat ration       |       |       |       |       |       |     2 |     1 |       |     2 ||     5
Armor: Robe              |    24 |    19 |       |       |       |       |       |       |       ||    43
       Scale mail        |       |    32 |   175 |    38 |       |       |       |       |       ||   245
       Chain mail        |       |       |       |   184 |       |   658 |   364 |       |       ||  1206
       Skin              |       |       |       |     1 |       |       |       |       |     9 ||    10
       Ring mail         |       |       |       |    32 |    89 |       |       |       |       ||   121
       Plate armour      |       |       |       |       |    88 |    17 |       |       |       ||   105
       Swamp dragon scal |       |       |       |       |    88 |       |       |       |       ||    88
       Gold dragon scale |       |       |       |       |       |       |    42 |   414 |   453 ||   909
Dodge: Dodged            |    66 |   185 |   318 |   510 |   220 |   491 |   339 |   253 |   527 ||  2909
Block: Shield            |       |       |       |   438 |  1204 |  2245 |  1837 |  1889 |   840 ||  8453
       Large shield      |       |       |       |       |       |       |       |       |  1041 ||  1041
